 Dungeon Sprint DCSS version 0.31.0-32-g396128a36d (webtiles) character file.

Game seed: 8666755617960520677

138 Heoruswealwe the Spear-Bearer (level 5, 0/52 HPs)
             Began as a Minotaur Fighter on Apr 19, 2024.
             Incinerated by a bombardier beetle (4 damage)
             ... with a burning spray
             ... in the Dungeon (Sprint IX: "|||||||||||||||||||||||||||||").
             The game lasted 00:00:54 (50 turns).

Heoruswealwe the Spear-Bearer (Minotaur Fighter)      Turns: 50, Time: 00:00:54

Health: 0/52       AC:  3    Str: 23    XL:     5   Next: 1%
Magic:  4/4        EV:  9    Int:  5    God:
Gold:   0          SH:  4    Dex:  9    Spells: 4/4 levels left

rFire   . . .        a - +0 trident
rCold   . . .        d - +0 buckler
rNeg    . . .        c - +0 scale mail
rPois   .            (helmet restricted)
rElec   .            (no cloak)
rCorr   .            (no gloves)
SInv    .            (no boots)
Will    .....        (no amulet) Stlth
                     (no ring)
HPRegen 0.28/turn    (no ring)
MPRegen 0.09/turn

%: no teleportation
@: on fire, corroded, glowing
A: horns 2, retaliatory headbutt
a: no special abilities


You were in the Dungeon.
You visited 1 branch

Inventory:

Hand Weapons
 a - a +0 trident (weapon)
Armour
 c - a +0 scale mail (worn)
 d - a +0 buckler (worn)
Scrolls
 j - a scroll of blinking
Potions
 b - a potion of might
 g - a potion of haste
 h - 2 potions of magic
 i - a potion of berserk rage


   Skills:
 + Level 7.0 Fighting
 * Level 8.8 Polearms
 + Level 7.0 Armour
 - Level 3.6 Shields


You had 4 spell levels left.
You didn't know any spells.
Your spell library was empty.

Dungeon Overview and Level Annotations

Branches:
Dungeon (1/1)

Altars:


Innate Abilities, Weirdness & Mutations

You have a pair of horns on your head.
You reflexively headbutt those who attack you in melee.


Message History

Your Fighting skill increases to level 7!
Your Armour skill increases to level 7!
You have reached level 5!
You feel much better. The liquid fire burns you! The adder bites you.
You are poisoned.
The adder poisons you! You block the adder's attack.
You puncture the adder!
The adder is almost dead.
The liquid fire burns you!
You feel sick. You block the adder's attack.
You closely miss the adder.
You headbutt the adder, but do no damage.
The adder is almost dead.
The liquid fire burns you!
You feel sick.
You hit the hound but do no damage. The liquid fire burns you!
You feel sick. The hound bites you but does no damage.
You closely miss the hound. The liquid fire burns you!
* * * LOW HITPOINT WARNING * * *
You feel sick. The hound bites you.
* * * LOW HITPOINT WARNING * * *
You feel better. The liquid fire burns you!
* * * LOW HITPOINT WARNING * * *
The hound bites you.
* * * LOW HITPOINT WARNING * * *
The hound misses you. You furiously retaliate!
You headbutt the hound! You barely miss the hound.
The hound is severely wounded.
The liquid fire burns you!
* * * LOW HITPOINT WARNING * * *
You block the hound's attack.
You hit the hound.
The hound is almost dead.
The liquid fire burns you!
You die...

▓.▓
▓.▓
▓'▓
▓)▓
▓.▓
▓.▓
▓.▓
▓.▓
▓@▓
▓h▓
▓S▓
▓.▓
▓.▓
▓.▓
▓+▓


You could see a hound and an adder.

Vanquished Creatures
  A phantom (D)
  A bombardier beetle (D)
  A jelly (D)
  A dart slug (D)
  An endoplasm (D)
  A giant cockroach (D)
  A goblin (D)
  A kobold (D)
8 creatures vanquished.

Notes
Turn   | Place    | Note
-------+----------+-------------------------------------------
     0 | D        | Heoruswealwe the Minotaur Fighter began the quest for the
                  | Orb.
     0 | D        | Reached XP level 1. HP: 19/19 MP: 0/0
     7 | D        | Reached skill level 3 in Polearms
    14 | D        | Reached skill level 4 in Polearms
    21 | D        | Noticed a bombardier beetle
    21 | D        | Noticed a phantom
    21 | D        | Noticed a jelly
    21 | D        | Noticed a hound
    31 | D        | Killed a phantom
    32 | D        | Reached skill level 7 in Polearms
    32 | D        | Reached XP level 2. HP: 29/30 MP: 1/1
    32 | D        | Reached XP level 3. HP: 36/37 MP: 2/2
    32 | D        | Reached XP level 4. HP: 43/44 MP: 3/3
    39 | D        | Reached skill level 8 in Polearms
    43 | D        | Reached XP level 5. HP: 9/52 MP: 4/4
    50 | D        | Incinerated by a bombardier beetle

Illustrated notes

Levels and vault maps discovered:
D:        linesprint [early_d, line_temple, items_1, d_10, items_2, lair_1,
          lair_end, items_3, orc_1, orc_end, items_4, d_15, swamp_1, shoals_1,
          snake_1, spider_1, d_20, vaults_1, items_5, swamp_end, shoals_end,
          snake_end, spider_end, vaults_end, d_27, items_6, zot_1, zot_end,
          crypt_end, forest_end, elf_end, slime_end, tomb_end, abyss_end,
          pan_hell_end]

Skill      XL: |  1  2  3  4 |
---------------+-------------+-----
Fighting       | 6 7 |  7.0
Polearms       | 7 8 |  8.8
Armour         | 6 7 |  7.0
Shields        | |  3.6

Action                     |  1- 3 |  4- 6 || total
---------------------------+-------+-------++-------
  Melee: Trident           |    18 |    17 ||    35
         Headbutt          |       |     4 ||     4
    Use: Potion            |       |     2 ||     2
 Armour: Scale mail        |    10 |     7 ||    17
  Dodge: Dodged            |     5 |     2 ||     7
  Block: Buckler           |     2 |     3 ||     5
